 Dungeon Crawl Stone Soup version 0.22.0 (webtiles) character file.

60 EvilAliv3 the Vexing (level 3, -2/20 HPs)
             Began as a Deep Elf Arcane Marksman on Aug 23, 2018.
             Slain by an orc
             ... wielding a +0 short sword
              (4 damage)
             ... on level 2 of the Dungeon.
             The game lasted 00:17:35 (2395 turns).

EvilAliv3 the Vexing (Deep Elf Arcane Marksman)     Turns: 2395, Time: 00:17:36

Health: -2/20      AC:  4    Str:  7    XL:     3   Next: 82%
Magic:  7/8        EV: 12    Int: 18    God:
Gold:   148        SH:  0    Dex: 15    Spells: 2/6 levels left

rFire    . . .     SeeInvis .   b - +0 dagger
rCold    . . .     Gourm    .   (no shield)
rNeg     . . .     Faith    .   c - +0 leather armour
rPois    .         Spirit   .   (no helmet)
rElec    .         Reflect  .   (no cloak)
rCorr    .         Harm     .   (no gloves)
MR       .....                  g - +0 pair of boots
Stlth    +.........             k - amulet of regeneration
HPRegen  0.46/turn              (no ring)
MPRegen  0.11/turn              (no ring)

@: no status effects
A: no striking features
a: no special abilities


You were on level 2 of the Dungeon.
You were not hungry.

You visited 1 branch of the dungeon, and saw 3 of its levels.

You collected 148 gold pieces.

Inventory:

Hand Weapons
 a - a +0 shortbow
 b - a +0 dagger (weapon)
Missiles
 d - 10 arrows
Armour
 c - a +0 leather armour (worn)
 g - a +0 pair of boots (worn)
Jewellery
 k - an amulet of regeneration (around neck)
Wands
 p - a wand of digging (11)
Scrolls
 e - a scroll of blinking {unknown}
 i - 6 scrolls of identify
 j - a scroll of teleportation {unknown}
 l - a scroll of fog {unknown}
 m - 2 scrolls of fear {unknown}
 n - 2 scrolls of immolation {unknown}
 q - a scroll of magic mapping {unknown}
Potions
 h - a potion of resistance {unknown}
 o - a potion of degeneration {unknown}
Comestibles
 f - 6 rations
 r - a chunk of flesh


   Skills:
 + Level 1.3 Fighting
 * Level 3.2 Bows
 + Level 3.0 Dodging
 + Level 2.3 Spellcasting
 + Level 4.4 Hexes


You had 2 spell levels left.
You knew the following spells:

 Your Spells              Type           Power        Failure   Level  Hunger
a - Corona                Hex            ###....      4%          1    #......
b - Portal Projectile     Hex/Tloc       ##....       32%         3    ###....

Your spell library contained the following spells:

 Spells                   Type           Power        Failure   Level  Hunger
 Cause Fear               Hex            ###.......   38%         4    #####..
 Slow                     Hex            ###.....     6%          2    ##.....
 Leda's Liquefaction      Hex/Erth       ##........   71%         4    #####..
 Inner Flame              Hex/Fire       ##......     32%         3    ###....


Dungeon Overview and Level Annotations

Branches:
Dungeon (3/15)

Altars:


Message History

Confirm with . or Enter, or press ? or * to list all spells.
Aiming: Corona (safe; 4% risk of failure)
Press: ? - help, Shift-Dir - straight line, f - orc
Aim: an orc, wielding a short sword (chance to defeat MR: 73%)
The orc is outlined in light.
The orc closely misses you.
You hit the orc.
The orc is heavily wounded.
The orc misses you.
The orc priest calls down the wrath of Beogh upon you.
Beogh smites you!
Ouch! That really hurt!
* * * LOW HITPOINT WARNING * * *
You hit the orc.
The orc is almost dead.
The orc hits you with a short sword.
* * * LOW HITPOINT WARNING * * *
You hit the orc but do no damage.
The orc is almost dead.
The orc hits you with a short sword.
You die...

#.....# #####.###.#
#.....# #.#
#.###.###.##############
#.# #.....##............
#.# ###.#.##.##########.
#.# #o#.##.# #. #.#
#o#.##.### #. #.#
#@#.##...# #. #.#
#.#.####.# #. #.#
#.#.####.########. #<#
#.#............... ###.#
#(######.######### #...#
#....#.....# #.#.#
####.#.###.###
#...######.....# #...#####
##.............###.......#


You could see an orc priest and an orc.

Vanquished Creatures
  An adder (D:2)
  2 worms
  A dart slug (D:2)
  3 leopard geckos
  An orc (D:3)
  A ball python (D:1)
  6 bats
  2 giant cockroaches
  4 hobgoblins
  2 jackals (D:2)
  4 kobolds
  5 frilled lizards
  3 goblins
  4 rats
39 creatures vanquished.

Notes
Turn   | Place    | Note
-------+----------+-------------------------------------------
     0 | D:1      | EvilAliv3 the Deep Elf Arcane Marksman began the quest for the Orb.
     0 | D:1      | Reached XP level 1. HP: 11/11 MP: 5/5
   250 | D:1      | Reached XP level 2. HP: 16/16 MP: 6/6
   354 | D:1      | Reached skill level 1 in Fighting
   789 | D:2      | Reached XP level 3. HP: 17/20 MP: 8/8
  2306 | D:2      | Learned a level 3 spell: Portal Projectile
  2395 | D:2      | Slain by an orc

Skill      XL: |  1  2  3 |
---------------+----------+-----
Fighting       | 1 |  1.3
Spellcasting   | 2 |  2.3
Bows           | 3 |  3.2
Dodging        | 3 |  3.0
Hexes          | |  4.4

Action                   || total
-------------------------++-------
Melee: Dagger            ||    59
 Fire: Shortbow          ||    99
 Cast: Corona            ||    34
Evoke: Wand              ||     1
  Use: Potion            ||     1
       Scroll            ||     1
  Eat: Chunk             ||     5
Armor: Leather armour    ||    26
Dodge: Dodged            ||    58
